 Dungeon Crawl Stone Soup version 0.31-a0-1159-g800acc2fd1 (webtiles) character file.

Game seed: 14357028469530144611

59451 GordonOverkill the Covert (level 14, 0/66 HPs)
             Began as a Spriggan Delver on Dec 7, 2023.
             Was a High Priest of Sif Muna.
             Slain by a merfolk
             ... wielding a +3 trident
              (13 damage)
             ... on level 3 of the Lair of Beasts on Dec 8, 2023.
             The game lasted 01:45:29 (38385 turns).

GordonOverkill the Covert (Spriggan Delver)        Turns: 38385, Time: 01:45:29

Health: 0/66       AC:  7    Str:  7    XL:     14   Next: 53%
Magic:  22/28      EV: 25    Int: 15    God:    Sif Muna [*****.]
Gold:   1317       SH:  6    Dex: 21    Spells: 13/31 levels left

rFire   + . .        F - +3 dagger (elec)
rCold   + + +        r - +0 buckler
rNeg    . . .        u - +2 robe {rC+ rF+}
rPois   .            (helmet restricted)
rElec   .            P - +2 cloak {rC+}
rCorr   .            (gloves unavailable)
SInv    +            (boots unavailable)
Will    ++...        (no amulet)
Stlth   +++          i - +4 ring of slaying
HPRegen 0.31/turn    H - ring of protection from cold
MPRegen 0.21/turn

%: no passive effects
@: studying Necromancy, slow
A: very small, no large weapons, unfitting armour, see invisible, speed 3,
hooves 1, horns 1, agile 1
a: Renounce Religion, Channel Magic, Forget Spell, Divine Exegesis


You were on level 3 of the Lair of Beasts.
You worshipped Sif Muna.
Sif Muna was extremely pleased with you.
You visited 4 branches of the dungeon, and saw 20 of its levels.
You also visited: Bailey and Ice Cave.

You collected 2100 gold pieces.
You spent 783 gold pieces at shops.

Inventory:

Hand Weapons
 e - a +1 dagger of speed
 j - a +2 dagger of venom
 v - the +5 short sword of Faixtuxaut {holy, Will+ MP+9}
   (You bought it in a shop on level 2 of the Orcish Mines)

   Will+:     It increases your willpower.
   MP+9:      It affects your magic capacity (+9).
 F - a +3 dagger of electrocution (weapon)
Missiles
 b - 6 curare-tipped darts
 o - 82 poisoned darts
 p - 16 boomerangs (quivered)
Armour
 r - a +0 buckler (worn)
 u - a +2 robe of resistance (worn)
 D - a +2 robe of willpower
 P - a +2 cloak of cold resistance (worn)
Jewellery
 i - a +4 ring of slaying (left hand)
 w - a ring of positive energy
 y - a ring of magical power
 E - a ring of fire
 H - a ring of protection from cold (right hand)
 J - an amulet of faith
 O - a +5 ring of evasion
Talismans
 N - a blade talisman
Wands
 a - a wand of charming (26)
 g - a wand of digging (1)
 l - a wand of polymorph (4)
 K - a wand of acid (1)
 L - a wand of iceblast (5)
Scrolls
 c - 4 scrolls of fog
 d - 6 scrolls of revelation
 k - 5 scrolls of teleportation
 q - 2 scrolls of summoning
 s - 3 scrolls of vulnerability
 z - a scroll of immolation
 M - a scroll of brand weapon
 S - 2 scrolls of identify
 U - a scroll of enchant weapon
 W - a scroll of fear
Potions
 f - 3 potions of haste
 h - 10 potions of curing
 m - 5 potions of brilliance
 t - 6 potions of heal wounds
 x - a potion of enlightenment
 A - a potion of magic
 I - a potion of invisibility
 Q - a potion of lignification
 R - a potion of mutation
 V - a potion of might
Miscellaneous
 C - a phial of floods


   Skills:
 - Level 4.0 Fighting
 - Level 9.0 Short Blades
 - Level 3.0 Throwing
 - Level 10.0 Dodging
 - Level 14.0 Stealth
 - Level 4.0 Shields
 - Level 9.0 Spellcasting
 - Level 4.0 Conjurations
 - Level 10.0 Hexes
 + Level 9.5 Necromancy
 - Level 12.0 Translocations
 - Level 3.0 Transmutations
 - Level 5.0 Ice Magic
 - Level 5.0 Air Magic
 - Level 2.0 Earth Magic
 - Level 2.0 Poison Magic
 - Level 6.0 Invocations
 - Level 10.0 Evocations


You had 13 spell levels left.
You knew the following spells:

 Your Spells              Type           Power      Damage    Failure   Level
a - Ensorcelled Hibernat  Hex/Ice        58%        N/A       1%          2
b - Passwall              Tmut/Erth      11%        N/A       9%          2
c - Swiftness             Air            21%        N/A       6%          3
d - Mephitic Cloud        Conj/Pois/Air  17%        N/A       12%         3
e - Vhi's Electric Charg  Tloc/Air       64%        N/A       4%          4
f - Dispel Undead         Necr           35%        3d15      3%          4

Your spell library contained the following spells:

 Spells                   Type           Power      Damage    Failure   Level
 Jinxbite                 Hex            72%        N/A       1%          2
 Lesser Beckoning         Tloc           84%        N/A       1%          2
 Momentum Strike          Conj/Tloc      60%        3d9       1%          2
 Teleport Other           Tloc           42%        N/A       1%          3
 Tukima's Dance           Hex            36%        N/A       1%          3
 Dimensional Bullseye     Hex/Tloc       19%        N/A       1%          4
 Shock                    Conj/Air       80%        1d8       2%          1
 Cigotuvi's Dreadful Rot  Necr/Pois/Air  46%        N/A       2%          2
 Magic Dart               Conj           72%        1d6       3%          1
 Poisonous Vapours        Pois/Air       34%        N/A       6%          2
 Inner Flame              Hex/Fire       21%        N/A       6%          3
 Summon Guardian Golem    Hex/Summ       21%        N/A       6%          3
 Iskenderun's Mystic Bla  Conj/Tloc      30%        2d8       6%          4
 Hailstorm                Conj/Ice       20%        3d7       8%          3
 Leda's Liquefaction      Hex/Erth       12%        N/A       14%         4
 Call Imp                 Summ           12%        N/A       26%         2
 Scorch                   Fire           12%        2d5       26%         2
 Ignite Poison            Fire/Tmut/Pois 11%        N/A       26%         3
 Yara's Violent Unravell  Hex/Tmut       13%        3d7       32%         5
 Death Channel            Necr           17%        N/A       45%         6
 Summon Ice Beast         Ice/Summ       14%        N/A       52%         4
 Freezing Cloud           Conj/Ice/Air   10%        6-21      56%         5
 Flame Wave               Conj/Fire      12%        2d6       58%         4
 Olgreb's Toxic Radiance  Pois           12%        N/A       58%         4
 Arcjolt                  Conj/Air       10%        1d20      58%         5
 Simulacrum               Ice/Necr       14%        N/A       78%         6
 Fireball                 Conj/Fire      6%         3d5       90%         5
 Conjure Ball Lightning   Conj/Air       10%        3x3d6     99%         6
 Plasma Beam              Fire/Air       7%         2x1d17    100%        6
 Starburst                Conj/Fire      6%         6d4       100%        6
 Summon Cactus Giant      Summ           3%         N/A       100%        6
 Discord                  Hex            18%        N/A       100%        8
 Ignition                 Fire           3%         3d4       100%        8
 Chain Lightning          Conj/Air       10%        3d13      100%        9


Dungeon Overview and Level Annotations

Branches:
Dungeon (14/15)            Temple (1/1) D:6            Lair (3/5) D:11
 Spider (0/4) Lair:3          Orc (2/2) D:10            Elf (0/3) Orc:2
 Vaults (0/5) D:14         Bailey (visited)           IceCv (visited)
  Swamp: Lair:2-3    Shoals: Lair:2-3

Altars:
Ashenzari
Cheibriados
Dithmenos
Elyvilon
Fedhas
Gozag
Hepliaklqana
Kikubaaqudgha
Makhleb
Nemelex Xobeh
Okawaru
Qazlal
Ru
Sif Muna
Trog
Uskayaw
Vehumet
Wu Jian
Xom
Yredelemnul
Zin
The Shining One

Shops:
Orc:2 *(?(

Portals:
Trove: D:10 (give 10 potions of heal wounds)

Annotations:
D:5 Pikel
D:13 1 runed translucent door, Gotas's ghost, journeyman SpHu
D:14 Roxanne


Innate Abilities, Weirdness & Mutations

You are very small and have problems with some larger weapons.
You are too small for most types of armour.
You have supernaturally acute eyesight. (SInv)
You cover ground extremely quickly. (Speed+++)
You have large cloven feet.
You have a pair of small horns on your head.
You are agile. (Dex +4, Str/Int -1)


Message History

You start resting.
Magic restored.
You start resting.
HP restored.
You see here a water moccasin corpse.
There is a stone staircase leading down, spattered with blood here.
You climb downwards.
There is a stone staircase leading up, spattered with blood here.
The water nymph's watery aura covers the stone staircase leading up.
Splash!
You fall into the shallow water.
Moving in this stuff is going to be slow.
The merfolk hits you from afar with a +3 trident.
Casting: Ensorcelled Hibernation (safe; 1% risk of failure)
Confirm with . or Enter, or press ? or * to list all spells.
Aiming: Ensorcelled Hibernation (safe; 1% risk of failure)
Press: ? - help, Shift-Dir - straight line, f - water nymph
Aim: a water nymph (chance to affect: 4%)
The water nymph resists with almost no effort.
The water nymph misses you.
The merfolk hits you from afar with a +3 trident!
Casting: Ensorcelled Hibernation (safe; 1% risk of failure)
Confirm with . or Enter, or press ? or * to list all spells.
Aiming: Ensorcelled Hibernation (safe; 1% risk of failure)
Press: ? - help, Shift-Dir - straight line, f/p - water nymph
Aim: a water nymph (chance to affect: 4%)
The water nymph resists with almost no effort.
The water nymph misses you. The merfolk completely misses you.
Casting: Ensorcelled Hibernation (safe; 1% risk of failure)
Confirm with . or Enter, or press ? or * to list all spells.
Aiming: Ensorcelled Hibernation (safe; 1% risk of failure)
Press: ? - help, Shift-Dir - straight line, f/p - water nymph
Aim: a water nymph (chance to affect: 4%)
The water nymph resists with almost no effort.
The water nymph casts a spell at you. The water swirls and strikes you!!!
Ouch! That really hurt!
* * * LOW HITPOINT WARNING * * *
The merfolk hits you from afar with a +3 trident!
You die...

, ~~ .....P# ~
......# . ~
###.....#. .~ #~
#~.....$..
...#~##.~~......
.......~~~...##.
.......~m~m.....
........@~..#
................
................
............+...
..##.P####..# ..
. #.# .... . ##
#.... .#.P


You could see a merfolk and a water nymph.

Vanquished Creatures
  Kirke (D:12)
  Nessos (D:14)
  An ettin (D:10)
  The ghost of ongoing the Cleaver, a journeyman DgFi (Lair:1)
  5 hydras
  2 vault guards
  Erica (D:10)
  2 centaur warriors
  The ghost of Huqos the Eclecticist, a journeyman DECj of Vehumet (Lair:2)
  2 boulder beetles
  A dancing weapon (D:14)
  2 two-headed ogres
  2 tengu warriors (D:14)
  5 orc high priests
  2 skeletal warriors (D:11)
  A deep elf pyromancer (D:14)
  An ugly thing (D:12)
  A necromancer (IceCv)
  Maurice (D:9)
  3 manticores
  A cyclops (Orc:2)
  3 orc sorcerers
  An elephant (Lair:3)
  3 black mambas
  A gargoyle (D:12)
  An ice statue (IceCv)
  5 cane toads
  A torpor snail (Lair:3)
  An unseen horror (D:11)
  Psyche (D:10)
  A rime drake (D:11)
  An anaconda simulacrum (IceCv)
  An efreet (D:13)
  3 komodo dragons
  A tengu conjurer (D:14)
  5 freezing wraiths
  10 ice devils (IceCv)
  A kobold demonologist (D:13)
  3 polar bears
  4 trolls
  A tyrant leech (Lair:1)
  Grinder (D:5)
  10 blink frogs
  6 slime creatures (D:14)
  2 shadows
  A vampire (D:10)
  7 wyverns
  2 dire elephant simulacra (IceCv)
  3 wraiths
  37 yaks
  2 basilisks (D:14)
  4 hogs (D:12)
  3 steam dragons
  3 vampire mosquitoes
  7 death yak simulacra
  3 harpy simulacra (IceCv)
  2 swamp worms (Lair:1)
  An acid dragon (D:11)
  3 hydra simulacra (IceCv)
  9 water moccasins
  29 orc warriors
  5 ice beasts
  7 ogres
  A sky beast (D:7)
  2 wolves (D:11)
  10 centaurs
  2 phantoms
  12 kobold brigands
  11 bullfrogs
  5 cane toad simulacra
  A gnoll sergeant (D:5)
  3 scorpions
  2 two-headed ogre simulacra
  5 wights (D:6)
  3 elephant simulacra (IceCv)
  8 killer bees
  7 electric eels
  A howler monkey (D:12)
  36 orc priests
  A gnoll bouda (D:9)
  2 hounds
  4 jellies
  2 sleepcaps
  Crazy Yiuf (D:2)
  Natasha (thrice) (D:3)
  3 troll simulacra
  2 iguanas (D:6)
  36 orc wizards
  4 polar bear simulacra
  A spriggan simulacrum (D:13)
  13 hell rats
  4 wolf simulacra (IceCv)
  11 gnolls
  5 adders
  4 naga simulacra
  2 white imps
  9 ufetubi
  2 worms
  3 dart slugs
  77 orcs
  5 ball pythons
  11 endoplasms
  3 giant cockroaches
  10 goblins
  8 hobgoblins
  4 jackals (D:2)
  33 kobolds
  2 quokkas
  9 bats
  3 frilled lizards
  3 rats
621 creatures vanquished.

Vanquished Creatures (others)
  An electric eel (Lair:2)
  2 orcs
3 creatures vanquished.

Grand Total: 624 creatures vanquished

Notes
Turn   | Place    | Note
-------+----------+-------------------------------------------
     0 | D:5      | GordonOverkill the Spriggan Delver began the quest for the
                  | Orb.
     0 | D:5      | Reached XP level 1. HP: 11/11 MP: 2/2
    22 | D:6      | Noticed a bullfrog
    35 | D:5      | Noticed an orc wizard
    67 | D:6      | Noticed a scorpion
   198 | D:5      | Noticed Pikel
   198 | D:5      | Noticed a lemure
   198 | D:5      | Noticed a lemure
   200 | D:5      | Noticed a lemure
   201 | D:5      | Noticed an orc priest
   201 | D:5      | Noticed a lemure
   244 | D:5      | Noticed a phantom
   321 | D:4      | Noticed a scorpion
   375 | D:5      | Noticed a gnoll sergeant
   377 | D:5      | Reached XP level 2. HP: 16/16 MP: 2/4
   385 | D:4      | Noticed an ogre
   558 | D:2      | Reached skill level 1 in Spellcasting
   558 | D:2      | Reached skill level 1 in Hexes
   568 | D:2      | Learned a level 2 spell: Ensorcelled Hibernation
   747 | D:1      | Found a faded altar of an unknown god.
  1063 | D:1      | Reached XP level 3. HP: 16/19 MP: 5/5
  1828 | D:2      | Reached skill level 1 in Ice Magic
  2393 | D:2      | Reached XP level 4. HP: 22/23 MP: 7/7
  3165 | D:2      | Found a runed translucent door.
  3166 | D:2      | Noticed Crazy Yiuf
  4139 | D:2      | Killed Crazy Yiuf
  4533 | D:3      | Noticed Natasha
  4535 | D:3      | Killed Natasha
  4536 | D:3      | Reached XP level 5. HP: 28/28 MP: 8/10
  4612 | D:3      | Noticed Natasha
  4618 | D:3      | Killed Natasha
  4619 | D:3      | Reached skill level 1 in Shields
  4672 | D:3      | Noticed Natasha
  4679 | D:3      | Killed Natasha
  5315 | D:4      | Noticed an ogre
  5446 | D:4      | Killed an ogre
  5447 | D:4      | Reached XP level 6. HP: 32/32 MP: 6/12
  6017 | D:4      | Learned a level 2 spell: Passwall
  6021 | D:4      | Learned a level 3 spell: Swiftness
  6209 | D:5      | Noticed Grinder
  6213 | D:5      | Paralysed by Grinder for 5 turns
  6276 | D:5      | Noticed a steam dragon
  6280 | D:5      | Killed a steam dragon
  6281 | D:5      | Reached skill level 8 in Stealth
  6281 | D:5      | Reached XP level 7. HP: 36/36 MP: 14/14
  6382 | D:5      | Reached skill level 5 in Hexes
  6520 | D:5      | Reached skill level 5 in Spellcasting
  6690 | D:5      | Killed Grinder
  6691 | D:5      | Reached skill level 9 in Stealth
  6691 | D:5      | Reached XP level 8. HP: 28/40 MP: 16/16
  6802 | D:5      | Reached skill level 5 in Dodging
  7117 | D:5      | Reached skill level 5 in Short Blades
  8521 | D:6      | Found a staircase to the Ecumenical Temple.
  8554 | Temple   | Entered the Ecumenical Temple
  9167 | D:6      | Reached skill level 1 in Throwing
  9167 | D:6      | Reached XP level 9. HP: 44/44 MP: 19/19
  9244 | D:6      | Reached skill level 1 in Evocations
  9324 | D:6      | Found a basalt altar of Yredelemnul.
  9536 | D:6      | Found a staircase to the Ecumenical Temple.
  9729 | D:6      | Found a basalt altar of Yredelemnul.
 10134 | D:7      | Reached skill level 5 in Evocations
 10948 | D:7      | Found a glowing golden altar of the Shining One.
 10948 | D:7      | Found a shimmering blue altar of Sif Muna.
 11401 | D:7      | Found a shimmering blue altar of Sif Muna.
 11403 | D:7      | Found a glowing golden altar of the Shining One.
 11876 | D:7      | Became a worshipper of Sif Muna the Loreminder
 12029 | D:8      | Reached skill level 10 in Stealth
 12033 | D:8      | Reached skill level 1 in Transmutations
 12265 | D:8      | Reached skill level 1 in Air Magic
 12265 | D:8      | Reached skill level 1 in Earth Magic
 12276 | D:8      | Reached XP level 10. HP: 33/49 MP: 11/20
 12371 | D:8      | Found a flagged portal.
 12406 | Bailey   | Entered a bailey
 12474 | Bailey   | Reached * piety under Sif Muna
 12897 | Bailey   | Found a burning altar of Makhleb.
 12923 | Bailey   | Identified the +0 ring mail "Xaimaoj" {*Slow Fly Int+3}
 12986 | D:8      | Found a white marble altar of Elyvilon.
 13150 | D:8      | Found a radiant altar of Vehumet.
 13922 | D:9      | Reached skill level 11 in Stealth
 13938 | D:9      | Noticed Maurice
 13943 | D:9      | Killed Maurice
 14066 | D:9      | Reached ** piety under Sif Muna
 14575 | D:10     | Entered Level 10 of the Dungeon
 14582 | D:10     | Reached skill level 1 in Invocations
 14651 | D:10     | Noticed Erica
 14660 | D:10     | Noticed a two-headed ogre
 14833 | D:10     | Killed Erica
 14996 | D:10     | Reached XP level 11. HP: 35/52 MP: 21/21
 15038 | D:10     | Killed a two-headed ogre
 15329 | D:10     | Reached skill level 12 in Stealth
 15330 | D:10     | Noticed Psyche
 15502 | D:10     | Found a staircase to the Orcish Mines.
 15631 | D:10     | Killed Psyche
 15673 | D:10     | Found an opulent altar of Gozag.
 15803 | D:10     | Reached *** piety under Sif Muna
 15808 | D:10     | Learned a level 3 spell: Mephitic Cloud
 16032 | D:10     | Noticed a vault guard
 16035 | D:10     | Killed a vault guard
 16036 | D:10     | Reached skill level 1 in Conjurations
 16043 | D:10     | Found a portal to a secret trove of treasure.
 16297 | D:11     | Noticed a skeletal warrior
 16822 | D:11     | Noticed a two-headed ogre
 16847 | D:11     | Killed a two-headed ogre
 17039 | D:11     | Noticed a skeletal warrior
 17100 | D:11     | Noticed a skeletal warrior
 17326 | Orc:1    | Entered Level 1 of the Orcish Mines
 17353 | Orc:1    | Noticed an ettin
 17630 | D:10     | Found an opulent altar of Gozag.
 18103 | D:10     | Killed an ettin
 18298 | D:10     | Found a portal to a secret trove of treasure.
 18354 | D:10     | Found a staircase to the Orcish Mines.
 18565 | Orc:1    | Noticed an orc sorcerer
 18855 | Orc:1    | Killed an orc sorcerer
 18945 | Orc:2    | Entered Level 2 of the Orcish Mines
 19188 | Orc:2    | Found a staircase to the Elven Halls.
 19188 | Orc:2    | Noticed an orc high priest
 19375 | Orc:1    | Killed an orc high priest
 19376 | Orc:1    | Reached skill level 5 in Ice Magic
 19489 | Orc:1    | Reached skill level 10 in Dodging
 19498 | Orc:1    | Reached XP level 12. HP: 58/58 MP: 23/23
 19629 | Orc:1    | Reached **** piety under Sif Muna
 19895 | Orc:2    | Found a burning altar of Makhleb.
 20595 | Orc:2    | Noticed an orc high priest
 20749 | Orc:2    | Killed an orc high priest
 21080 | Orc:2    | Reached skill level 13 in Stealth
 21122 | Orc:2    | Noticed an orc high priest
 21194 | Orc:2    | Killed an orc high priest
 21232 | Orc:2    | Noticed an orc high priest
 21255 | Orc:2    | Killed an orc high priest
 21256 | Orc:2    | Reached skill level 14 in Stealth
 21696 | Orc:2    | Noticed an orc high priest
 21784 | Orc:2    | Killed an orc high priest
 21785 | Orc:2    | Reached skill level 1 in Poison Magic
 22321 | Orc:2    | Found Defurph's Magic Scroll Emporium.
 22321 | Orc:2    | Found Aboinott's Assorted Antiques.
 22322 | Orc:2    | Found Fikkeuxt's Weapon Shoppe.
 22326 | Orc:2    | Found Giemix's Antique Weapon Emporium.
 22332 | Orc:2    | Bought a metallic amethyst potion for 25 gold pieces
 22332 | Orc:2    | Bought a potion of curing for 84 gold pieces
 22332 | Orc:2    | Bought a potion of invisibility for 224 gold pieces
 22332 | Orc:2    | Bought a scroll of enchant armour for 210 gold pieces
 22721 | Orc:2    | Bought a polished short sword for 240 gold pieces
 22721 | Orc:2    | Identified the +5 short sword of Faixtuxaut {holy, Will+
                  | MP+9} (You bought it in a shop on level 2 of the Orcish
                  | Mines)
 22854 | D:11     | Learned a level 4 spell: Vhi's Electric Charge
 22928 | D:11     | Reached skill level 1 in Translocations
 23174 | D:11     | HP: 2/58 [electric eel/bolt of electricity (10)]
 23179 | D:11     | Found a staircase to the Lair.
 23584 | D:11     | Noticed a centaur warrior
 23753 | D:10     | Gained mutation: You are agile. (Dex +4, Str/Int -1)
                  | [potion of mutation]
 23753 | D:10     | Gained mutation: You have large cloven feet. [potion of
                  | mutation]
 23753 | D:10     | Gained mutation: You have a pair of small horns on your
                  | head. [potion of mutation]
 23756 | D:10     | Reached ***** piety under Sif Muna
 23777 | D:11     | Killed a centaur warrior
 23778 | D:11     | Reached skill level 5 in Air Magic
 23796 | D:11     | Reached skill level 5 in Translocations
 24405 | D:11     | Received a gift from Sif Muna
 24408 | D:11     | Got Tigugiw's Handbook of Stormy Embers {god gift}
 25099 | D:11     | Found a staircase to the Lair.
 26166 | D:12     | Noticed Kirke
 26278 | D:12     | Reached skill level 10 in Translocations
 26353 | D:12     | Killed Kirke
 26354 | D:12     | Reached XP level 13. HP: 61/61 MP: 24/24
 26748 | D:13     | Found a frozen archway.
 26906 | IceCv    | Entered an ice cave
 27661 | IceCv    | Found an ancient bone altar of Kikubaaqudgha.
 28649 | IceCv    | Received a gift from Sif Muna
 28650 | IceCv    | Got Sif Muna's Book of Space {god gift}
 29860 | D:13     | Found a runed translucent door.
 29861 | D:13     | Found a shimmering altar of Xom.
 29861 | D:13     | Noticed Gotas's ghost (journeyman SpHu)
 30641 | D:14     | Noticed Roxanne
 31172 | D:14     | Reached skill level 5 in Invocations
 31222 | D:14     | Found an ancient bone altar of Kikubaaqudgha.
 31284 | D:14     | Found a shimmering altar of Xom.
 31285 | D:14     | Noticed Nessos
 31293 | D:14     | Killed Nessos
 31304 | D:14     | Found a gate to the Vaults.
 32130 | D:14     | Found an ancient bone altar of Kikubaaqudgha.
 32439 | D:14     | Found a gate to the Vaults.
 32449 | D:14     | Found a shimmering altar of Xom.
 32798 | Lair:1   | Entered Level 1 of the Lair of Beasts
 32804 | Lair:1   | Reached XP level 14. HP: 66/66 MP: 28/28
 33165 | Lair:1   | Found a runed translucent door.
 33223 | Lair:1   | Noticed ongoing's ghost (journeyman DgFi)
 33240 | Lair:1   | Reached skill level 10 in Evocations
 34015 | Lair:1   | Got Sif Muna's Secrets of Inhalation
 34223 | Lair:1   | Learned a level 4 spell: Dispel Undead
 34373 | Lair:2   | Reached skill level 1 in Necromancy
 34639 | Lair:2   | Reached skill level 10 in Hexes
 34641 | Lair:2   | Received a gift from Sif Muna
 34645 | Lair:2   | Got Sif Muna's Precepts of Spellbinding and Attacks {god
                  | gift}
 35034 | Lair:2   | Found a shimmering altar of Xom.
 35034 | Lair:2   | Noticed Huqos's ghost (journeyman DECj)
 35047 | Lair:2   | Found a runed translucent door.
 35229 | Lair:2   | Reached skill level 5 in Necromancy
 36799 | Lair:2   | Killed Huqos's ghost
 37003 | Lair:1   | Killed ongoing's ghost
 37822 | Lair:3   | HP: 2/66 [seven-headed hydra (8)]
 38051 | Lair:3   | Found a hole to the Spider Nest.
 38385 | Lair:3   | Slain by a merfolk

Illustrated notes

Levels and vault maps discovered:
D:1:      dpeg_arrival_renting, layout_loops_corners, basic_ecumenical_altar
D:2:      minmay_chambers_of_twos, layout_loops_ring, uniq_crazy_yiuf_cottage
D:3:      layout_loops_ring, corexii_leaking_fountain, minmay_liquid_box,
          uniq_natasha
D:4:      layout_basic
D:5:      layout_loops_ring, nicolae_fountain_basement, uniq_grinder,
          uniq_edmund, uniq_pikel
D:6:      layout_gridville, marbit_many_paths, temple_doors_e
D:7:      layout_gridville, gammafunk_temple_overflow_statue
D:8:      layout_loops_ring, lemuel_doored_altar, mainiacjoe_overflow_alcove_4,
          enter_bailey_5
D:9:      layout_irregular_city, uniq_maurice
D:10:     layout_irregular_city, grunt_gozag_breadcrumbs, david_orc_4,
          enter_trove_5, minivault_14, st_stairs_13, uniq_psyche, uniq_erica
D:11:     layout_basic, hellmonk_lair_entry_icy
D:12:     layout_stronghold, minmay_strange_pillars, uniq_kirke
D:13:     layout_irregular_city, ebering_ghost_xom,
          portal_ice_cave_entry_ice_simulacra
D:14:     layout_stronghold, erik_vaults_1, kiku_gazebo_garden_becter,
          minivault_20, brannock_xom_greatest_gift, uniq_nessos, uniq_roxanne
Temple:   minmay_temple_bridge_d
Lair:1:   layout_hall_layers, hellmonk_ghost_happy_afterlife, worms_lemuel
Lair:2:   layout_long_grid, ebering_ghost_xom, serial_bayou_shore_a
Lair:3:   nzn_winding_woodlands_stair_cross
          [nzn_winding_woodlands_5x15_concentric,
          nzn_winding_woodlands_center_diamonds,
          nzn_winding_woodlands_5x15_crooked,
          nzn_winding_woodlands_5x5_perimeter,
          nzn_winding_woodlands_5x5_default, nzn_winding_woodlands_5x15_zeroes,
          nzn_winding_woodlands_center_pierced_h,
          nzn_winding_woodlands_5x15_sawtooth], layout_chaotic_city,
          nicolae_shoals_entry_flooding, hellmonk_spider_entry_not_the_bees
Orc:1:    layout_diamond_mine
Orc:2:    st_orc_mages, layout_diamond_mine, basic_altar

Skill      XL: |  1  2  3  4  5  6  7  8  9 10 11 12 13 14 |
---------------+-------------------------------------------+-----
Spellcasting   | 1 3 4 5 6 7 9 |  9.0
Hexes          | 1 3 4 5 6 7 8 9 10 | 10.0
Ice Magic      | 1 2 3 5 |  5.0
Short Blades   | 3 4 5 6 8 9 |  9.0
Fighting       | 3 4 |  4.0
Shields        | 1 2 3 4 |  4.0
Stealth        | 8 9 10 11 12 14 | 14.0
Dodging        | 4 7 9 10 | 10.0
Throwing       | 1 2 3 |  3.0
Evocations     | 8 9 10 | 10.0
Transmutations | 3 |  3.0
Air Magic      | 2 4 5 |  5.0
Earth Magic    | 2 |  2.0
Invocations    | 3 6 |  6.0
Conjurations   | 2 4 |  4.0
Poison Magic   | 2 |  2.0
Translocations | 10 12 | 12.0
Necromancy     | 9 |  9.5

Action                     |  1- 3 |  4- 6 |  7- 9 | 10-12 | 13-15 || total
---------------------------+-------+-------+-------+-------+-------++-------
  Melee: Trident           |    13 |       |       |       |       ||    13
         Short sword       |     1 |       |       |    27 |       ||    28
         Dagger            |   169 |    94 |   276 |   372 |   488 ||  1399
         Punch             |       |       |     1 |       |       ||     1
         Kick              |       |       |       |    30 |   182 ||   212
         Headbutt          |       |       |       |    15 |   111 ||   126
  Throw: Dart              |       |       |     5 |       |       ||     5
         Boomerang         |       |       |    15 |    71 |   253 ||   339
   Cast: Ensorcelled Hiber |     7 |    54 |   119 |   379 |   162 ||   721
         Mephitic Cloud    |       |       |       |     3 |     1 ||     4
         Vhi's Electric Ch |       |       |       |       |     8 ||     8
         Dispel Undead     |       |       |       |       |    13 ||    13
  Evoke: Wand              |       |       |       |    14 |       ||    14
    Use: Scroll            |       |     6 |     1 |    17 |     9 ||    33
         Potion            |       |       |     3 |     5 |     1 ||     9
   Stab: Sleeping          |    14 |    43 |    61 |   208 |   109 ||   435
         Distracted        |       |     1 |     1 |       |     1 ||     3
         Invisible         |       |       |     2 |       |       ||     2
         Confused          |       |       |       |     1 |       ||     1
 Armour: Robe              |    54 |    24 |    98 |   178 |   154 ||   508
  Dodge: Dodged            |   120 |    60 |   242 |   356 |   371 ||  1149
  Block: Buckler           |       |       |       |    87 |   115 ||   202

Table legend: (Time is in decaauts)
 A = Elapsed time spent in this place.
 B = Non-inter-level travel time spent in this place.
 C = Inter-level travel time spent in this place.
 D = Time resting spent in this place.
 E = Time spent auto-exploring this place.
 F = Levels seen in this place.
 G = Mean time per level.
                   A        B        C        D        E       F      G
               +--------+--------+--------+--------+--------+-----+--------+
         Total |  29671 |  28744 |    927 |  12593 |   9670 |  22 | 1348.7 |
       Dungeon |  19118 |  18435 |    683 |   7183 |   7240 |  14 | 1365.6 |
        Temple |     82 |      2 |     80 |      0 |      0 |   1 |   82.0 |
          Lair |   3975 |   3856 |    119 |   1530 |   1663 |   3 | 1325.0 |
  Orcish Mines |   3847 |   3803 |     44 |   2548 |    442 |   2 | 1923.5 |
        Bailey |    484 |    484 |      0 |    265 |     40 |   1 |  484.0 |
      Ice Cave |   2163 |   2163 |      0 |   1066 |    283 |   1 | 2163.0 |
               +--------+--------+--------+--------+--------+-----+--------+

Top non-repeatable levels by time:
    D:11: 2964 daAuts
   Orc:2: 2513 daAuts
    D:10: 2283 daAuts
   IceCv: 2163 daAuts
  Lair:2: 2082 daAuts
     D:2: 2002 daAuts
  Lair:1: 1717 daAuts
     D:6: 1558 daAuts
    D:14: 1410 daAuts
     D:5: 1386 daAuts
   Orc:1: 1333 daAuts
     D:7: 1311 daAuts
     D:9: 1137 daAuts
    D:13: 1015 daAuts
     D:1: 927 daAuts
